 Dungeon Crawl Stone Soup version 0.23.2-40-g277498a001 (webtiles) character file.

Game seed: 9495665151774217626

2302 MalarOregon the Geomancer (level 9, -1/45 HPs)
             Began as a Gargoyle Earth Elementalist on Sept 1, 2019.
             Was a Believer of Nemelex Xobeh.
             Slain by a thrashing horror (10 damage)
             ... on level 2 of the Abyss.
             The game lasted 00:18:47 (7915 turns).

MalarOregon the Geomancer (GrEE)                    Turns: 7915, Time: 00:18:48

Health: -1/45      AC: 12    Str: 12    XL:     9   Next: 40%
Magic:  8/17       EV: 12    Int: 19    God:    Nemelex Xobeh [**....]
Gold:   190        SH:  0    Dex: 10    Spells: 9/19 levels left

rFire    . . .     SeeInvis .   p - +0 mace (venom)
rCold    . . .     Gourm    .   (no shield)
rNeg     + . .     Faith    .   i - +2 robe {Archmagi}
rPois    ∞         Spirit   .   b - +0 helmet
rElec    +         Reflect  .   h - +0 cloak
rCorr    .         Harm     .   (no gloves)
MR       .....                  (no boots)
Stlth    ++........             l - amulet of rage
HPRegen  0.15/turn              (no ring)
MPRegen  0.15/turn              (no ring)

@: marked
A: negative energy resistance 1, electricity resistance, unbreathing,
petrification resistance, rot immunity, AC +6
a: Draw Escape, Draw Destruction, Draw Summoning, Renounce Religion, Evoke
Berserk Rage


You were on level 2 of the Abyss.
You worshipped Nemelex Xobeh.
Nemelex Xobeh was pleased with you.
You were hungry.

You visited 2 branches of the dungeon, and saw 9 of its levels.
You visited the Abyss 1 time.

You collected 403 gold pieces.
You spent 213 gold pieces at shops.

Inventory:

Hand Weapons
 p - a +0 mace of venom (weapon)
   (You took it off an orc priest on level 3 of the Dungeon)
Missiles
 m - 132 stones (quivered)
 y - a throwing net {!f}
Armour
 b - a +0 helmet (worn)
   (You took it off Robin on level 2 of the Dungeon)
 h - a +0 cloak (worn)
   (You took it off Crazy Yiuf on level 2 of the Dungeon)
 i - a +2 robe of the Archmagi (worn)
   (You took it off Jessica on level 2 of the Dungeon)
Jewellery
 l - an amulet of rage (around neck)
   (You found it on level 2 of the Dungeon)
 x - a +5 ring of intelligence {unknown}
   (You found it on level 5 of the Dungeon)
 B - an uncursed amulet of faith {unknown}
   (You found it on level 7 of the Dungeon)
Scrolls
 d - 3 scrolls of enchant armour
 n - 3 scrolls of remove curse {unknown}
 r - 4 scrolls of identify {@r1}
 s - 6 scrolls of teleportation {unknown}
 t - 2 scrolls of magic mapping {unknown}
 w - a scroll of random uselessness {unknown}
 z - a scroll of fog {unknown}
 C - a scroll of torment {unknown}
Potions
 a - a potion of magic {unknown}
 c - 2 potions of brilliance {unknown}
 f - a potion of might {unknown}
 g - a potion of heal wounds {unknown}
 j - a potion of lignification {!q}
 k - 4 potions of agility
 o - 8 potions of curing {@q1}
 q - a potion of mutation {!q}
 u - a potion of resistance
 v - 2 potions of degeneration {unknown}
 D - a potion of flight {unknown}
Comestibles
 e - 6 rations {!d}


   Skills:
 - Level 1.5 Dodging
 - Level 2.1 Stealth
 + Level 5.5 Spellcasting
 + Level 5.4 Conjurations
 - Level 0.7 Transmutations
 * Level 10.3 Earth Magic
 + Level 5.2 Invocations


You had 9 spell levels left.
You knew the following spells:

 Your Spells              Type           Power        Failure   Level  Hunger
a - Sandblast             Erth           ######       1%          1    None
b - Petrify               Tmut/Erth      #####...     12%         4    ####...
q - Passwall              Tmut/Erth      #####...     1%          2    None
x - Stone Arrow           Conj/Erth      ######       1%          3    ##.....

Your spell library contained the following spells:

 Spells                   Type           Power        Failure   Level  Hunger
 Magic Dart               Conj           ####         1%          1    None
 Lee's Rapid Deconstruct  Erth           ######....   4%          5    #####..
 Conjure Flame            Conj/Fire      ###.....     12%         3    ##.....
 Mephitic Cloud           Conj/Pois/Air  ###.....     17%         3    ##.....
 Blink                    Tloc           N/A          19%         2    None
 Call Imp                 Summ           #.......     19%         2    None
 Slow                     Hex            #.......     19%         2    None


Dungeon Overview and Level Annotations

Branches:
Dungeon (8/15)             Temple (1/1) D:6
   Lair: D:8-11

Altars:
Ashenzari
Cheibriados
Dithmenos
Elyvilon
Fedhas
Gozag
Hepliaklqana
Kikubaaqudgha
Makhleb
Nemelex Xobeh
Okawaru
Qazlal
Ru
Sif Muna
Trog
Uskayaw
Vehumet
Wu Jian
Xom
Yredelemnul
Zin
The Shining One

Shops:
D:4 ?   D:5 *   D:7 *

Annotations:
D:4 2 transporters
D:7 Prince Ribbit
D:8 Harold


Innate Abilities, Weirdness & Mutations

You are resistant to torment.
Your stone body is resilient. (AC +6)
You are immune to poison.
You resist negative energy. (rN+)
You are resistant to electric shocks. (rElec)
You can survive without breathing.
You are immune to petrification.
You are immune to rotting.


Message History

Harold hits you but does no damage.
There is a stone staircase leading up here.
Unknown command.
Prince Ribbit hits you.
* * * LOW HITPOINT WARNING * * *
You climb upwards.
There is a stone staircase leading down here.
Unknown command.
You draw a card...
You have drawn Exile.
To return, you must find a gate leading back.
Killing monsters will force the Abyss to allow you passage.
This branch contains the abyssal rune of Zot.
Found 12 poisoned needles.
Found a gateway leading deeper into the Abyss.
You hear a bellow!
There is a gateway leading deeper into the Abyss here.
You start resting.
A small abomination emerges from the beyond.
A small abomination is nearby!
A ynoxinul comes into view.
The angel shouts!
You plunge deeper into the Abyss.
Found 58 gold pieces.
Found 21 stones.
You hear a shout!
You now have 174 gold pieces (gained 42).
There are no items here.
You now have 190 gold pieces (gained 16).
You hear a shout!
There are no items here.
You hear a shout!
You hear a roar!
m - 132 stones (gained 21)
A sun demon comes into view.
There are no items here.
Okay, then.
You draw a card...
You have drawn the Shaft.
Nothing appears to happen.
You draw a card...
You have drawn the Shaft.
Nothing appears to happen.
You hear a horrible gurgling sound!
Unknown command.
You hear a horrible gurgling sound! x4
You hear a shout!
Found a gateway leading deeper into the Abyss.
A smoke demon comes into view.
The smoke demon roars!
You hear a roar!
A starcursed mass and a simulacrum come into view.
You hear a shout!
A thrashing horror comes into view.
The thrashing horror tramples you!
You die...
Your body glows with a rainbow of weird colours and disappears.

. ........ ##.##.#
.... ....####...#
...............### #
.... ....#...#x##.# .
. .......#..##.#.#
........ #..#.##.# .
.......##.#.#3#X.#
........
.##..#.#X.#§#.. .
............#.@.>≈§#..
.... ...##.#.#3.#§#.#
# .. .......#.#..#≈#.
# ....#.##.# .
..##..##.#Z# #
....#.##.# .#. ..### #
..# .#


You could see a starcursed mass, a sun demon, a thrashing horror, a smoke demon,
a small abomination and a fire dragon simulacrum.

Vanquished Creatures
  Grinder (D:4)
  Sigmund (D:5)
  A hungry ghost (D:7)
  Menkaure (D:7)
  Duvessa (D:7)
  An ice beast (D:2)
  A sky beast (D:7)
  An ogre (D:6)
  A phantom (D:7)
  A bullfrog (D:7)
  Dowan (D:7)
  A scorpion (D:4)
  A howler monkey (D:6)
  5 crimson imps
  A centaur zombie (D:6)
  4 orc priests
  2 hounds (D:5)
  2 orc wizards
  A gnoll shaman (D:7)
  A jelly (D:7)
  2 bullfrog skeletons
  Jessica (D:2)
  2 iguanas
  Terence (D:3)
  3 worker ants
  A worker ant zombie (D:7)
  Robin (D:2)
  8 gnolls
  10 adders
  2 shadow imps
  An adder zombie (D:6)
  3 worms
  A dart slug (D:1)
  7 leopard geckos
  15 orcs
  13 bats
  A giant cockroach (D:5)
  6 hobgoblins (D:2)
  5 jackals
  2 ball pythons
  5 frilled lizards
  14 goblins
  2 jackal skeletons (D:4)
  9 kobolds
  2 leopard gecko skeletons
  A leopard gecko zombie (D:6)
  6 rats
153 creatures vanquished.

Vanquished Creatures (collateral kills)
  Crazy Yiuf (D:2)
1 creature vanquished.

Grand Total: 154 creatures vanquished

Notes
Turn   | Place    | Note
-------+----------+-------------------------------------------
     0 | D:1      | MalarOregon the Gargoyle Earth Elementalist began the quest
                  | for the Orb.
     0 | D:1      | Reached XP level 1. HP: 10/10 MP: 3/3
   149 | D:1      | Reached skill level 4 in Earth Magic
   168 | D:1      | Reached XP level 2. HP: 15/15 MP: 3/5
   797 | D:2      | Reached XP level 3. HP: 17/19 MP: 0/6
  1002 | D:2      | Reached skill level 5 in Earth Magic
  1002 | D:2      | Noticed Robin
  1040 | D:2      | Reached XP level 4. HP: 24/24 MP: 2/8
  1316 | D:2      | Learned a level 2 spell: Passwall
  1320 | D:2      | Learned a level 3 spell: Stone Arrow
  1383 | D:2      | Found a sparkling altar of Nemelex Xobeh.
  1387 | D:2      | Became a worshipper of Nemelex Xobeh the Trickster
  1569 | D:2      | Killed Robin
  1876 | D:2      | Reached XP level 5. HP: 28/28 MP: 0/9
  2152 | D:2      | Received a gift from Nemelex Xobeh
  2159 | D:2      | Found a runed translucent door.
  2160 | D:2      | Noticed Crazy Yiuf
  2207 | D:2      | Killed Crazy Yiuf
  2277 | D:2      | Reached skill level 1 in Conjurations
  2456 | D:3      | Noticed Jessica
  2501 | D:2      | Killed Jessica
  2501 | D:2      | Reached skill level 6 in Earth Magic
  2642 | D:2      | Learned a level 4 spell: Petrify
  2701 | D:3      | Noticed an ice beast
  2817 | D:2      | Killed an ice beast
  2817 | D:2      | Reached skill level 1 in Invocations
  2817 | D:2      | Reached XP level 6. HP: 19/32 MP: 0/11
  3662 | D:3      | Noticed Terence
  3672 | D:3      | Killed Terence
  3734 | D:3      | Found a snail-covered altar of Cheibriados.
  3820 | D:3      | Found a burning altar of Makhleb.
  3825 | D:3      | Reached skill level 7 in Earth Magic
  3827 | D:3      | Found a radiant altar of Vehumet.
  3993 | D:4      | Found a bloodstained altar of Trog.
  3993 | D:4      | Found Jeupnev's Magic Scroll Shop.
  4005 | D:4      | Reached XP level 7. HP: 36/36 MP: 10/12
  4070 | D:4      | Reached * piety under Nemelex Xobeh
  4093 | D:4      | Received a gift from Nemelex Xobeh
  4233 | D:4      | Found a transporter.
  4288 | D:4      | Found a transporter.
  4334 | D:4      | Found a shimmering altar of Xom.
  4352 | D:4      | Noticed Grinder
  4360 | D:4      | Paralysed by Grinder for 5 turns
  4377 | D:4      | Killed Grinder
  4680 | D:5      | Entered Level 5 of the Dungeon
  4704 | D:5      | Received a gift from Nemelex Xobeh
  4706 | D:5      | Reached skill level 8 in Earth Magic
  4789 | D:5      | Found a shadowy altar of Dithmenos.
  4972 | D:5      | Noticed Sigmund
  4977 | D:5      | Killed Sigmund
  4977 | D:5      | Reached XP level 8. HP: 38/41 MP: 0/14
  5181 | D:5      | Reached ** piety under Nemelex Xobeh
  5265 | D:5      | Found Raetull's Elemental Accessories.
  5402 | D:5      | Received a gift from Nemelex Xobeh
  6229 | D:6      | Reached skill level 9 in Earth Magic
  6659 | D:6      | Found a staircase to the Ecumenical Temple.
  6687 | Temple   | Entered the Ecumenical Temple
  6759 | D:6      | Found a sparkling altar of Nemelex Xobeh.
  6828 | D:7      | Noticed Menkaure
  6851 | D:7      | Reached skill level 5 in Spellcasting
  6856 | D:7      | Killed Menkaure
  6949 | D:7      | Reached XP level 9. HP: 45/45 MP: 6/16
  7038 | D:7      | Reached skill level 5 in Conjurations
  7210 | D:7      | Noticed Duvessa
  7210 | D:7      | Noticed Dowan
  7218 | D:7      | Killed Duvessa
  7218 | D:7      | Reached skill level 10 in Earth Magic
  7229 | D:7      | Reached skill level 5 in Invocations
  7554 | D:7      | Killed Dowan
  7600 | D:7      | Found Ydukuragia's Assorted Antiques.
  7615 | D:7      | Bought a scroll labeled ALARPHI KEKUORCH for 31 gold pieces
  7615 | D:7      | Bought a fizzy inky potion for 27 gold pieces
  7615 | D:7      | Bought a scroll labeled QOSSOC KIOMUME for 31 gold pieces
  7615 | D:7      | Bought a potion of curing for 93 gold pieces
  7615 | D:7      | Bought a scroll labeled QOSSOC KIOMUME for 31 gold pieces
  7791 | D:7      | Found a deep blue altar of Sif Muna.
  7852 | D:8      | Noticed Harold
  7854 | D:8      | Noticed Prince Ribbit
  7865 | D:8      | HP: 2/45 [Prince Ribbit (5)]
  7867 | D:7      | Cast into level 1 of the Abyss (drawing a card)
  7883 | Abyss:1  | Noticed an angel
  7900 | Abyss:2  | Noticed a sun demon
  7912 | Abyss:2  | Noticed a smoke demon
  7913 | Abyss:2  | Noticed a starcursed mass
  7914 | Abyss:2  | Noticed a thrashing horror
  7915 | Abyss:2  | Slain by a thrashing horror

Skill      XL: |  1  2  3  4  5  6  7  8  9 |
---------------+----------------------------+-----
Earth Magic    | 4 5 6 7 8 9 10 | 10.3
Spellcasting   | 3 4 5 |  5.5
Conjurations   | 1 2 3 4 5 |  5.4
Invocations    | 1 2 3 4 5 |  5.2
Dodging        | |  1.5
Stealth        | |  2.1
Transmutations | |  0.7

Action                   |  1- 3 |  4- 6 |  7- 9 || total
-------------------------+-------+-------+-------++-------
Melee: Unarmed           |     8 |   105 |       ||   113
       Mace              |       |    18 |   225 ||   243
 Cast: Sandblast         |    33 |    34 |    23 ||    90
       Stone Arrow       |       |    39 |    52 ||    91
 Abil: Draw Destruction  |       |     2 |       ||     2
       Draw Summoning    |       |     1 |       ||     1
       Draw Escape       |       |       |     3 ||     3
  Use: Scroll            |       |     6 |       ||     6
       Potion            |       |     3 |       ||     3
 Stab: Sleeping          |       |       |     5 ||     5
  Eat: Chunk             |     1 |    10 |    13 ||    24
       Ration            |       |     1 |     1 ||     2
Armor: Robe              |     6 |    95 |   130 ||   231
       Skin              |       |     6 |       ||     6
Dodge: Dodged            |    18 |   161 |   166 ||   345
